AoeStats
← WiryLearner2495

Black Forest

509345900Analyzed
4v4 RM · 6d ago on Sep 26, 2026· 48m 3s· 8 players
Game mode
Random Map
Map size
Large (8 player)
Population
200
Speed
Normal
Resources
Standard
Victory
Conquest
Starting age
Dark Age
Ending age
Imperial Age
RankedLock teamsTeams togetherTeam positionsShared explorationLock speedFull tech treeHidden civsTurbo modeCheats
Victory
Defeat
🇮🇳 Saracens · India
797
+10
🇨🇳 Poles · China
789
+11
🇮🇳 Teutons · India
776
+11
🇹🇼 Khmer · Taiwan
698
+15
🇨🇳 Turks · China
691
-13
🇮🇳 Persians · India
686
-12
🇨🇿 Teutons · Czechia
681
-12
🇪🇸 Hindustanis · Spain
610
-10
Ajghoimer
1:18 Loom
15:54 Feudal Age
18:47 Wheelbarrow
20:01 Man-at-Arms
23:00 Horse Collar
26:27 Double-Bit Axe
27:33 Gold Mining
32:10 Castle Age
30:38 Forging
31:26 Arson
31:56 Bloodlines
31:44 Stone Mining
33:17 Iron Casting
32:48 Scale Barding Armor
32:44 Scale Mail Armor
32:48 Heavy Plow
34:48 Hand Cart
35:19 Bow Saw
38:17 Caravan
38:46 Husbandry
43:26 Imperial Age
sandeepkumarsdsl
0:39 Loom
19:02 Feudal Age
27:04 Castle Age
26:29 Gold Mining
26:30 Stone Mining
27:12 Pikeman
27:56 Squires
27:42 Gambesons
27:43 Arson
28:12 Caravan
32:32 Forging
32:23 Scale Mail Armor
35:02 Stone Shaft Mining
36:15 Wheelbarrow
38:03 Fortified Wall
38:04 Masonry
MagnAnduriL
0:30 Loom
17:31 Feudal Age
22:45 Castle Age
21:34 Double-Bit Axe
21:36 Horse Collar
22:12 Stone Mining
22:39 Gold Mining
25:17 Town Watch
29:16 Fletching
31:16 Town Watch
32:07 Wheelbarrow
32:34 Grand Trunk Road
33:06 Bow Saw
33:01 Heavy Plow
37:11 Hand Cart
38:18 Fortified Wall
38:06 Murder Holes
38:22 Masonry
42:20 Imperial Age
42:45 Squires
42:31 Arson
42:21 Man-at-Arms
42:22 Pikeman
43:15 Forging
43:00 Bodkin Arrow
43:05 Padded Archer Armor
43:12 Scale Barding Armor
43:37 Heavy Camel Rider
44:30 Bloodlines
44:20 Husbandry
45:07 Light Cavalry
46:36 Chain Barding Armor
SENKAII
6:06 Loom
11:01 Feudal Age
12:31 Wheelbarrow
11:45 Double-Bit Axe
11:41 Horse Collar
19:04 Town Watch
21:25 Castle Age
22:33 Bow Saw
22:16 Gold Mining
25:45 Hand Cart
27:17 Town Watch
27:46 Caravan
30:50 Imperial Age
30:05 Treadmill Crane
32:21 Heavy Plow
33:21 Conscription
33:12 Artillery
35:38 Town Patrol
37:48 Gold Shaft Mining
37:03 Stone Mining
37:08 Fletching
37:19 Padded Archer Armor
37:42 Ballistics
37:42 Bombard Tower
37:37 Masonry
40:18 Coinage
39:58 Guilds
40:57 Two-Man Saw
42:01 Elite Janissary
BLYAAAT
1:22 Loom
14:41 Feudal Age
18:06 Horse Collar
18:13 Double-Bit Axe
18:19 Stone Mining
28:55 Castle Age
33:53 Imperial Age
33:30 Bow Saw
33:22 Heavy Plow
35:12 Gold Mining
37:07 Forging
37:02 Scale Barding Armor
37:12 Bloodlines
37:02 Husbandry
38:10 Conscription
39:25 Chain Barding Armor
40:45 Iron Casting
40:43 Elite Mameluke
42:54 Plate Barding Armor
43:20 Blast Furnace
42:35 Caravan
vinsin4105
0:37 Loom
17:51 Feudal Age
23:26 Castle Age
21:37 Double-Bit Axe
21:39 Horse Collar
22:18 Forging
28:37 Fletching
32:27 Imperial Age
30:36 Wheelbarrow
31:09 Masonry
31:26 Bodkin Arrow
31:55 Town Watch
32:27 Bow Saw
33:29 Arrowslits
34:53 Hand Cart
34:39 Town Patrol
37:13 Conscription
40:07 Iron Casting
39:38 Scale Barding Armor
39:55 Cavalier
40:46 Bloodlines
40:44 Padded Archer Armor
41:14 Crenellations
42:53 Ballistics
43:34 Chemistry
43:02 Caravan
44:23 Blast Furnace
44:33 Hoardings
44:45 Paladin
45:45 Chain Barding Armor
46:25 Leather Archer Armor
WiryLearner2495
0:26 Loom
14:06 Feudal Age
18:56 Castle Age
16:38 Horse Collar
17:51 Double-Bit Axe
20:40 Heavy Plow
21:55 Gold Mining
29:07 Gold Shaft Mining
28:24 Stone Mining
29:46 Wheelbarrow
29:12 Pikeman
30:03 Caravan
31:24 Hand Cart
31:41 Bow Saw
32:52 Murder Holes
33:18 Ballistics
32:51 Fletching
36:51 Imperial Age
35:00 Bodkin Arrow
35:15 Forging
35:06 Padded Archer Armor
35:06 Scale Mail Armor
35:12 Scale Barding Armor
38:10 Conscription
37:16 Capped Ram
37:17 Heavy Scorpion
37:22 Halberdier
39:01 Bracer
39:37 Iron Casting
39:17 Leather Archer Armor
39:48 Crop Rotation
40:08 Siege Ram
44:25 Light Cavalry
45:06 Husbandry
45:03 Hussar
45:54 Bloodlines
Shoigu! Gerasimov!!
0:59 Loom
11:06 Feudal Age
17:33 Castle Age
16:17 Horse Collar
16:25 Double-Bit Axe
29:46 Imperial Age
27:39 Bloodlines
27:36 Gold Mining
28:04 Bow Saw
28:55 Szlachta Privileges
29:57 Wheelbarrow
29:12 Town Watch
29:48 Heavy Plow
30:24 Scale Barding Armor
31:35 Chemistry
31:02 Conscription
30:56 Cavalier
32:12 Husbandry
32:24 Forging
32:36 Chain Barding Armor
33:59 Iron Casting
33:15 Fletching
34:38 Padded Archer Armor
34:59 Caravan
38:13 Blast Furnace
37:55 Ballistics
38:35 Hand Cart
40:31 Siege Engineers
44:33 Bodkin Arrow
44:55 Leather Archer Armor
Connection lost

Rejoining the realm…

Still unreachable

The connection could not be restored.

Session expired

The server has moved on; the page needs a fresh start.